 Dungeon Crawl Stone Soup version 0.17-a0-1617-gfba1302 (webtiles) character file.

36 maniek23 the Insei (level 3, 0/26 HPs)
             Began as a Vampire Transmuter on Aug 1, 2015.
             Succumbed to an adder's poison
             ... on level 3 of the Dungeon.
             The game lasted 00:04:34 (1339 turns).

maniek23 the Insei (Vampire Transmuter)             Turns: 1339, Time: 00:04:34

Health: 0/26       AC:  3    Str:  9      XL:     3   Next: 19%
Magic:  5/6        EV: 18    Int: 13 (16) God:
Gold:   54         SH:  0    Dex: 19      Spells: 2 memorised, 3 levels left

rFire  . . .     SeeInvis +       - Unarmed
rCold  . . .     Clarity  .     u - +1 robe {MR+}
rNeg   . . .     SustAt   .     (no shield)
rPois  .         Gourm    .     (no helmet)
rElec  .         Spirit   .     (no cloak)
rCorr  .         Warding  .     (no gloves)
rMut   .         Stasis   .     (no boots)
MR     +....                    (no amulet)
Stlth  ++++......               (no ring)
                                m - ring of stealth

@: agile, lethally poisoned (0 -> -3), flying, very slightly contaminated,
regenerating quickly, invisible, somewhat resistant to hostile enchantments,
stealthy
A: fangs 3, see invisible, unbreathing
a: no special abilities


You were on level 3 of the Dungeon.
You were full.

You visited 1 branch of the dungeon, and saw 3 of its levels.

You collected 54 gold pieces.

Inventory:

Hand weapons
 a - a +0 dagger
 e - a +0 short sword
Missiles
 r - 29 arrows
Armour
 b - a +0 robe
 u - a +1 robe of magic resistance (worn)
Jewellery
 m - a ring of stealth (left hand)
Scrolls
 f - 2 scrolls of fog {unknown}
 h - 2 scrolls of identify {unknown}
 l - a scroll of enchant weapon {unknown}
 n - 2 scrolls of teleportation {unknown}
 p - a scroll of fear {unknown}
 q - a scroll of random uselessness {unknown}
 s - a scroll of enchant armour {unknown}
Potions
 d - 6 potions of blood
 g - a potion of agility
 j - a potion of flight
 k - a potion of degeneration
 o - a potion of brilliance {unknown}
 t - a potion of berserk rage {unknown}
Books
 c - a book of Changes

   Spells                             Type                      Level
   a - Beastly Appendage              Transmutation                1
   b - Sticks to Snakes               Transmutation                2
   c - Spider Form                    Transmutation/Poison         3
   d - Ice Form                       Ice/Transmutation            4
   e - Blade Hands                    Transmutation                5


   Skills:
 + Level 1.1 Fighting
 * Level 1.0 Short Blades
 + Level 2.5 Dodging
 + Level 1.2 Stealth
 + Level 3.7 Unarmed Combat
 + Level 2.0 Spellcasting
 * Level 2.5 Transmutations


You had 3 spell levels left.
You knew the following spells:

 Your Spells              Type           Power        Failure   Level  Hunger
a - Beastly Appendage     Trmt           #.....       10%         1    ##.....
b - Sticks to Snakes      Trmt           #.........   14%         2    ###....


Dungeon Overview and Level Annotations

Branches:
Dungeon (3/15)

Altars:
Qazlal


Innate Abilities, Weirdness & Mutations

Your natural rate of healing is unusually fast.
You have razor-sharp teeth.
You have supernaturally acute eyesight.
You can survive without breathing.


Message History

* * * LOW HITPOINT WARNING * * *
You feel sick.
There is a lethal amount of poison in your body!
Drink which item? (? for menu, Esc to quit)
It was a potion of agility.
You feel agile all of a sudden.
Drink which item? (? for menu, Esc to quit)
It was a potion of invisibility.
You fade into invisibility!
Your talons disappear.
* * * LOW HITPOINT WARNING * * *
You feel sick.
Drink which item? (? for menu, Esc to quit)
It was a potion of flight.
You feel very buoyant.
You fly up into the air.
Drink which item? (? for menu, Esc to quit)
It was a potion of degeneration.
There was something very wrong with that liquid.
You feel dopey.
You die...

....#######..##.##.#
###..........##.##.#
############.......# ..#
###########.####
..###.......###.#
...##.......##..#
.#%##..........#######..
.#.##........#.##.......
.# ##........#..@†# ##
#.............#
##.##.......##.#.##
...#####.......#.# ##.#
#########.# ##.# #.#
...#### ### #.# ##.#..
... ..# ##.#.# #.#


There were no monsters in sight!

Vanquished Creatures
  An adder (D:3)
  An ooze (D:2)
  A worm (D:2)
  2 bats
  3 hobgoblins
  5 kobolds
  A ball python (D:3)
  2 giant newts (D:1)
  4 goblins
  4 rats
24 creatures vanquished.

Notes
Turn   | Place    | Note
--------------------------------------------------------------
     0 | D:1      | maniek23 the Vampire Transmuter began the quest for the Orb.
     0 | D:1      | Reached XP level 1. HP: 14/14 MP: 3/3
    86 | D:1      | Reached skill level 1 in Fighting
   289 | D:1      | Reached XP level 2. HP: 21/21 MP: 5/5
   566 | D:2      | Found a stormy altar of Qazlal.
   904 | D:2      | Learned a level 2 spell: Sticks to Snakes
  1131 | D:2      | Reached skill level 1 in Stealth
  1247 | D:3      | Reached XP level 3. HP: 26/26 MP: 6/6
  1335 | D:3      | Reached skill level 1 in Short Blades
  1335 | D:3      | HP: 1/26 [poisoned by an adder]
  1339 | D:3      | Succumbed to an adder's poison

Vault maps used:
D:1:      elethiomel_arrival_quiet
D:2:      nicolae_qazlal_general_emergency
D:3:      lemuel_doored_altar, nicolae_gozag_seed_capital, tgw_trog

Action                   || total
-------------------------++-------
Melee: Unarmed           ||    76
       Dagger            ||    12
 Cast: Beastly Appendage ||     6
  Use: Potion            ||     5
 Stab: Sleeping          ||     4
  Eat: Corpse            ||     6
